| TOP OF THE 1ST |
|
Houston Astros batting - Pitching for Philadelphia Phillies : RHP Al Dopfel
|
|
Pitching: RHP Al Dopfel
|
|
|
Batting: RHB Julio Franco
|
0-0: Ball 1-0: Fly out, F8 (Flyball, 8LXD, EV 92.5 MPH)
|
|
Batting: LHB Jose Cruz
|
0-0: Ball 1-0: Swinging Strike 1-1: Fly out, F6 (Popup, 6MS, EV 58.1 MPH)
|
|
Batting: RHB John Castino
|
0-0: Ball 1-0: Called Strike 1-1: Foul Ball, location: 2F 1-2: SINGLE (Line Drive, 7S, EV 97.5 MPH)
|
|
Batting: LHB Steve Kemp
|
0-0: Called Strike 0-1: Swinging Strike 0-2: Foul Ball, location: 2F 0-2: Ball 1-2: Fly out, F8 (Flyball, 8RS, EV 90.6 MPH)
|
| Top of the 1st over - 0 runs, 1 hit, 0 errors, 1 left on base; Houston 0 - Philadelphia 0 |
| BOTTOM OF THE 1ST |
|
Philadelphia Phillies batting - Pitching for Houston Astros : RHP Ramon Molina
|
|
Pitching: RHP Ramon Molina
|
|
|
Batting: RHB Andy Ramirez
|
0-0: Called Strike 0-1: Foul Ball, location: 2F 0-2: Ground out 6-3 (Groundball, 6M, EV 83.1 MPH)
|
|
Batting: LHB Lou Whitaker
|
0-0: Swinging Strike 0-1: Ground out U3 (Groundball, 34, EV 80.6 MPH)
|
|
Batting: RHB Paul Molitor
|
0-0: Ball 1-0: Ball 2-0: Called Strike 2-1: Ball 3-1: SINGLE (Line Drive, 4MD, EV 102.5 MPH)
|
|
Batting: LHB Ken Phelps
|
0-0: Foul Ball, location: 2F 0-1: Reached on error, E5 (Groundball, 56, EV 85.6 MPH) Paul Molitor to second
|
|
Batting: RHB Candy Maldonado
|
0-0: Ball Wild Pitch! Paul Molitor to third Ken Phelps to second 1-0: Called Strike 1-1: Ball 2-1: Called Strike 2-2: 3-RUN HOME RUN (Flyball, 9D, EV 107.5 MPH), Distance : 386 ft
|
|
Batting: LHB Cecil Cooper
|
0-0: Ball 1-0: Ball 2-0: Called Strike 2-1: Swinging Strike 2-2: Ball 3-2: Fly out, F8 (Flyball, 8LXD, EV 103.1 MPH)
|
| Bottom of the 1st over - 3 runs, 2 hits, 1 error, 0 left on base; Houston 0 - Philadelphia 3 |
| TOP OF THE 2ND |
|
Houston Astros batting - Pitching for Philadelphia Phillies : RHP Al Dopfel
|
|
Batting: SHB Christopher Clark
|
0-0: Called Strike 0-1: Ball 1-1: Ball 2-1: Ball 3-1: Base on Balls
|
|
Batting: RHB Zail Smith
|
0-0: Ball 1-0: Called Strike 1-1: Fielders Choice at 2nd, 5-4 (Groundball, 56S, EV 78.1 MPH)
|
|
Batting: SHB Tom Herr
|
0-0: Ball 1-0: Ball 2-0: Ball 3-0: Called Strike 3-1: SINGLE (Line Drive, 78S, EV 106.9 MPH) Zail Smith to second
|
|
Batting: LHB Jerry Narron
|
0-0: Called Strike Zail Smith steals 3rd base Tom Herr to second 0-1: Called Strike 0-2: Ball 1-2: Foul Ball, location: 2F 1-2: Strikes out swinging
|
|
Batting: SHB Ramon Molina
|
0-0: Ball Wild Pitch! Zail Smith scores Tom Herr to third 1-0: Called Strike 1-1: Fly out, F8 (Flyball, 8RD, EV 107.5 MPH)
|
| Top of the 2nd over - 1 run, 1 hit, 0 errors, 1 left on base; Houston 1 - Philadelphia 3 |
| BOTTOM OF THE 2ND |
|
Philadelphia Phillies batting - Pitching for Houston Astros : RHP Ramon Molina
|
|
Batting: RHB Andre Dawson
|
0-0: Ball 1-0: Ball 2-0: Ball 3-0: Foul Ball, location: 2F 3-1: Base on Balls
|
|
Batting: RHB Jody Davis
|
0-0: Foul Ball, location: 2F 0-1: Ball 1-1: Swinging Strike 1-2: Strikes out swinging
|
|
Batting: RHB Al Dopfel
|
0-0: Sac Bunt to P - play at first, batter OUT! 1-4 Andre Dawson to second
|
|
Batting: RHB Andy Ramirez
|
0-0: SINGLE (Groundball, 34S, EV 95.6 MPH) Andre Dawson to third Runner from 3rd tries for Home, SAFE, throw by RF to home
|
|
Batting: LHB Lou Whitaker
|
0-0: DOUBLE (Line Drive, 7LS, EV 110.6 MPH) Andy Ramirez to third Runner from 3rd tries for Home, SAFE, throw by LF to home
|
|
Batting: RHB Paul Molitor
|
0-0: Foul Ball, location: 2F 0-1: Swinging Strike 0-2: Foul Ball, location: 2F 0-2: Foul Ball, location: 2F 0-2: Ball 1-2: Foul Ball, location: 2F 1-2: Foul Ball, location: 2F 1-2: Ball 2-2: SINGLE (Groundball, 6MD, EV 96.3 MPH) Lou Whitaker to third Runner from 3rd tries for Home, SAFE, throw by CF to home
|
|
Batting: LHB Ken Phelps
|
0-0: Ball Paul Molitor steals 2nd base 1-0: Ball 2-0: Ball 3-0: Called Strike 3-1: Base on Balls
|
|
Batting: RHB Candy Maldonado
|
0-0: Ball 1-0: Ball 2-0: Foul Ball, location: 2F 2-1: Called Strike 2-2: Ball 3-2: Foul Ball, location: 2F 3-2: Strikes out swinging
|
| Bottom of the 2nd over - 3 runs, 3 hits, 0 errors, 2 left on base; Houston 1 - Philadelphia 6 |
| TOP OF THE 3RD |
|
Houston Astros batting - Pitching for Philadelphia Phillies : RHP Al Dopfel
|
|
Batting: RHB Julio Franco
|
0-0: Ball 1-0: Ball 2-0: Called Strike 2-1: Ball 3-1: Base on Balls
|
|
Batting: LHB Jose Cruz
|
0-0: Fly out, F8 (Line Drive, 8RD, EV 92.5 MPH)
|
|
Batting: RHB John Castino
|
0-0: Ball 1-0: Ball 2-0: Foul Ball, location: 2F 2-1: Called Strike 2-2: Fly out, F7 (Flyball, 78XD, EV 103.8 MPH)
|
|
Batting: LHB Steve Kemp
|
0-0: Called Strike Julio Franco steals 2nd base 0-1: Called Strike 0-2: Ball 1-2: Ball 2-2: Strikes out swinging
|
| Top of the 3rd over - 0 runs, 0 hits, 0 errors, 1 left on base; Houston 1 - Philadelphia 6 |
| BOTTOM OF THE 3RD |
|
Philadelphia Phillies batting - Pitching for Houston Astros : RHP Ramon Molina
|
|
Batting: LHB Cecil Cooper
|
0-0: Ball 1-0: Swinging Strike 1-1: SINGLE (Line Drive, 9LM, EV 103.8 MPH)
|
|
Pitching: RHP Gilberto Mendoza
|
|
|
Batting: RHB Andre Dawson
|
0-0: Called Strike Cecil Cooper steals 2nd base 0-1: Fly out, F7 (Flyball, 7, EV 91.9 MPH)
|
|
Batting: RHB Jody Davis
|
0-0: Called Strike 0-1: Ball 1-1: Ball 2-1: Foul Ball, location: 2F 2-2: Fly out, F9 (Flyball, 9, EV 98.8 MPH) Runner from 2nd tags up, OUT at 3rd! 9-5
|
| Bottom of the 3rd over - 0 runs, 1 hit, 0 errors, 0 left on base; Houston 1 - Philadelphia 6 |
| TOP OF THE 4TH |
|
Houston Astros batting - Pitching for Philadelphia Phillies : RHP Al Dopfel
|
|
Batting: SHB Christopher Clark
|
0-0: Ball 1-0: Ball 2-0: Called Strike 2-1: Foul Ball, location: 2F 2-2: Foul Ball, location: 2F 2-2: Foul Ball, location: 2F 2-2: Ball 3-2: Strikes out swinging
|
|
Batting: RHB Zail Smith
|
0-0: DOUBLE (Line Drive, 89D, EV 100.0 MPH)
|
|
Batting: SHB Tom Herr
|
0-0: Ball 1-0: Ball 2-0: Ground out 4-3 (Groundball, 4, EV 103.1 MPH) Zail Smith to third
|
|
Batting: LHB Jerry Narron
|
0-0: Ball 1-0: Ball 2-0: Called Strike 2-1: Foul Ball, location: 2F 2-2: Foul Ball, location: 2F 2-2: Ground out 3-1 (Groundball, 34, EV 106.9 MPH)
|
| Top of the 4th over - 0 runs, 1 hit, 0 errors, 1 left on base; Houston 1 - Philadelphia 6 |
| BOTTOM OF THE 4TH |
|
Philadelphia Phillies batting - Pitching for Houston Astros : RHP Gilberto Mendoza
|
|
Batting: RHB Al Dopfel
|
0-0: Ball 1-0: Called Strike 1-1: Ball 2-1: Foul Ball, location: 2F 2-2: Strikes out swinging
|
|
Batting: RHB Andy Ramirez
|
0-0: Ball 1-0: Foul Ball, location: 2F 1-1: Ball 2-1: Ball 3-1: Base on Balls
|
|
Batting: LHB Lou Whitaker
|
0-0: Ball Andy Ramirez steals 2nd base 1-0: Called Strike 1-1: Reached on error, E6 (Groundball, 56, EV 106.9 MPH) Andy Ramirez scores
|
|
Batting: RHB Paul Molitor
|
0-0: Ball 1-0: Ball 2-0: Ball 3-0: Called Strike 3-1: Base on Balls
|
|
Batting: LHB Ken Phelps
|
0-0: Ball 1-0: Ball Lou Whitaker steals 3rd base Paul Molitor to second 2-0: SINGLE (Groundball, 6D, EV 97.5 MPH) Lou Whitaker scores Paul Molitor to third Runner from 3rd tries for Home, SAFE, throw by CF to home
|
|
Batting: RHB Candy Maldonado
|
0-0: Foul Ball, location: 2F 0-1: Called Strike 0-2: Ball 1-2: SINGLE (Line Drive, 9LS, EV 98.8 MPH) Ken Phelps to second
|
|
Batting: LHB Cecil Cooper
|
0-0: Foul Ball, location: 2F 0-1: Foul Ball, location: 2F 0-2: Foul Ball, location: 2F 0-2: Ball 1-2: Strikes out swinging
|
|
Batting: RHB Andre Dawson
|
0-0: Ball 1-0: Called Strike 1-1: Called Strike 1-2: Foul Ball, location: 2F 1-2: Ball 2-2: Foul Ball, location: 2F 2-2: Strikes out swinging
|
| Bottom of the 4th over - 3 runs, 2 hits, 1 error, 2 left on base; Houston 1 - Philadelphia 9 |
| TOP OF THE 5TH |
|
Houston Astros batting - Pitching for Philadelphia Phillies : RHP Al Dopfel
|
|
Batting: RHB Gilberto Mendoza
|
0-0: Called Strike 0-1: Swinging Strike 0-2: Ball 1-2: Foul Ball, location: 2F 1-2: Strikes out swinging
|
|
Batting: RHB Julio Franco
|
0-0: Ball 1-0: Called Strike 1-1: Swinging Strike 1-2: Ball 2-2: Foul Ball, location: 2F 2-2: Ball 3-2: SINGLE (Groundball, 6M, EV 98.1 MPH) (infield hit)
|
|
Batting: LHB Jose Cruz
|
0-0: Ball 1-0: Foul Ball, location: 2F 1-1: DOUBLE (Groundball, 3L, EV 102.5 MPH) Julio Franco to third Runner from 3rd tries for Home, SAFE, no throw by RF
|
|
Batting: RHB John Castino
|
0-0: Ball 1-0: Ball 2-0: Foul Ball, location: 2F 2-1: Foul Ball, location: 2F 2-2: Ground out 4-3 (Groundball, 34, EV 97.5 MPH) Jose Cruz to third
|
|
Batting: LHB Steve Kemp
|
0-0: Ball 1-0: Ball 2-0: Foul Ball, location: 2F 2-1: Ball 3-1: Foul Ball, location: 2F 3-2: Ground out 4-3 (Groundball, 4, EV 93.1 MPH)
|
| Top of the 5th over - 1 run, 2 hits, 0 errors, 1 left on base; Houston 2 - Philadelphia 9 |
| BOTTOM OF THE 5TH |
|
Philadelphia Phillies batting - Pitching for Houston Astros : RHP Gilberto Mendoza
|
|
Batting: RHB Jody Davis
|
0-0: Ball 1-0: Fly out, F6 (Popup, 6MD, EV 45.0 MPH)
|
|
Batting: RHB Al Dopfel
|
0-0: Ball 1-0: Ball 2-0: Reached on error, E6 (Groundball, 56, EV 105.6 MPH)
|
|
Batting: RHB Andy Ramirez
|
0-0: Ball 1-0: Called Strike 1-1: Ball 2-1: Ball 3-1: Called Strike 3-2: Foul Ball, location: 2F 3-2: Foul Ball, location: 2F 3-2: Fly out, F8 (Flyball, 89D, EV 83.1 MPH)
|
|
Batting: LHB Lou Whitaker
|
0-0: Called Strike 0-1: Swinging Strike 0-2: DOUBLE (Line Drive, 7LM, EV 106.3 MPH) Al Dopfel to third Runner from 3rd tries for Home, SAFE, no throw by LF
|
|
Batting: RHB Paul Molitor
|
0-0: Ball 1-0: Called Strike 1-1: Ball 2-1: Ball Wild Pitch! Lou Whitaker to third 3-1: Base on Balls
|
|
Pitching: LHP Richard Thompson
|
|
|
Batting: LHB Ken Phelps
|
0-0: Ball 1-0: Ball 2-0: Ball 3-0: Called Strike 3-1: Base on Balls Paul Molitor to second
|
|
Batting: RHB Candy Maldonado
|
0-0: Called Strike 0-1: Ball 1-1: Ball 2-1: Ball 3-1: Foul Ball, location: 2F 3-2: Base on Balls Lou Whitaker scores Paul Molitor to third Ken Phelps to second
|
|
Batting: LHB Cecil Cooper
|
0-0: Called Strike 0-1: Ground out 4-3 (Groundball, 4, EV 81.3 MPH)
|
| Bottom of the 5th over - 2 runs, 1 hit, 1 error, 3 left on base; Houston 2 - Philadelphia 11 |
| TOP OF THE 6TH |
|
Houston Astros batting - Pitching for Philadelphia Phillies : RHP Al Dopfel
|
|
Batting: SHB Christopher Clark
|
0-0: SINGLE (Line Drive, 8RS, EV 101.3 MPH)
|
|
Batting: RHB Zail Smith
|
0-0: Ball 1-0: Fielders Choice at 2nd, 6-4 (Groundball, 6, EV 87.5 MPH)
|
|
Batting: SHB Tom Herr
|
0-0: Ball 1-0: Called Strike 1-1: Swinging Strike 1-2: Strikes out swinging
|
|
Batting: LHB Jerry Narron
|
0-0: 2-RUN HOME RUN (Flyball, 89XD, EV 100.6 MPH), Distance : 436 ft
|
|
Batting: SHB Richard Thompson
|
0-0: Swinging Strike 0-1: Swinging Strike 0-2: Ball 1-2: Strikes out looking
|
| Top of the 6th over - 2 runs, 2 hits, 0 errors, 0 left on base; Houston 4 - Philadelphia 11 |
| BOTTOM OF THE 6TH |
|
Philadelphia Phillies batting - Pitching for Houston Astros : LHP Richard Thompson
|
|
Batting: RHB Andre Dawson
|
0-0: Foul Ball, location: 2F 0-1: Ground out 6-3 (Groundball, 6, EV 87.5 MPH)
|
|
Batting: RHB Jody Davis
|
0-0: Ball 1-0: Called Strike 1-1: Ball 2-1: Ball 3-1: Base on Balls
|
|
Batting: RHB Al Dopfel
|
0-0: Sac Bunt to 15 - play at first, batter OUT! 1-4 Jody Davis to second
|
|
Batting: RHB Andy Ramirez
|
0-0: Ball 1-0: Ball 2-0: Ball 3-0: Base on Balls
|
|
Batting: LHB Lou Whitaker
|
0-0: Foul Ball, location: 2F 0-1: Ball 1-1: Ball 2-1: Called Strike 2-2: Ball 3-2: Foul Ball, location: 2F 3-2: SINGLE (Groundball, 34D, EV 107.5 MPH) Jody Davis to third Andy Ramirez to second Jody Davis scores Andy Ramirez to third
|
|
Batting: RHB Paul Molitor
|
0-0: Foul Ball, location: 2F 0-1: Ball 1-1: Called Strike 1-2: Strikes out swinging
|
| Bottom of the 6th over - 1 run, 1 hit, 0 errors, 2 left on base; Houston 4 - Philadelphia 12 |
| TOP OF THE 7TH |
|
Houston Astros batting - Pitching for Philadelphia Phillies : RHP Al Dopfel
|
|
Pinch Hitting: RHB Mickey Hatcher
|
0-0: Called Strike 0-1: Foul Ball, location: 2F 0-2: Ball 1-2: Strikes out swinging
|
|
Batting: LHB Jose Cruz
|
0-0: Ball 1-0: SINGLE (Line Drive, 9LS, EV 87.5 MPH)
|
|
Batting: RHB John Castino
|
0-0: Foul Ball, location: 2F 0-1: DOUBLE (Line Drive, 78D, EV 101.3 MPH) Jose Cruz to third Runner from 3rd tries for Home, SAFE, no throw by CF
|
|
Pitching: RHP Tony Villa
|
|
|
Batting: LHB Steve Kemp
|
0-0: Called Strike 0-1: Fly out, F9 (Flyball, 9S, EV 95.6 MPH)
|
|
Batting: SHB Christopher Clark
|
0-0: Ball 1-0: Ball 2-0: Swinging Strike 2-1: Ball 3-1: Foul Ball, location: 2F 3-2: Fly out, F8 (Flyball, 8RD, EV 100.0 MPH)
|
| Top of the 7th over - 1 run, 2 hits, 0 errors, 1 left on base; Houston 5 - Philadelphia 12 |
| BOTTOM OF THE 7TH |
|
Philadelphia Phillies batting - Pitching for Houston Astros : LHP Richard Thompson
|
|
Now at SS: Ricky Adams
|
|
|
Batting: LHB Ken Phelps
|
0-0: Ball 1-0: Called Strike 1-1: Called Strike 1-2: Ball 2-2: Foul Ball, location: 2F 2-2: Foul Ball, location: 2F 2-2: Fly out, F9 (Flyball, 9, EV 93.1 MPH)
|
|
Batting: RHB Candy Maldonado
|
0-0: Fly out, F7 (Line Drive, 7D, EV 97.5 MPH)
|
|
Batting: LHB Cecil Cooper
|
0-0: Called Strike 0-1: Ball 1-1: Swinging Strike 1-2: Strikes out looking and he ARGUES THE CALL AND IS TOSSED!
|
| Bottom of the 7th over - 0 runs, 0 hits, 0 errors, 0 left on base; Houston 5 - Philadelphia 12 |
| TOP OF THE 8TH |
|
Houston Astros batting - Pitching for Philadelphia Phillies : RHP Tony Villa
|
|
Now in RF: Andy Guerrero
|
|
|
Batting: RHB Zail Smith
|
0-0: Ball 1-0: Ball 2-0: Ball 3-0: Base on Balls
|
|
Batting: SHB Tom Herr
|
0-0: Fielders Choice at 2nd, 4-6 (Groundball, 4, EV 90.6 MPH)
|
|
Batting: LHB Jerry Narron
|
0-0: Called Strike 0-1: Ball 1-1: Ball 2-1: Swinging Strike 2-2: Fly out, F7 (Flyball, 7LD, EV 98.8 MPH)
|
|
Pinch Hitting: LHB George Vukovich
|
0-0: Ball 1-0: Fly out, F7 (Flyball, 78M, EV 90.0 MPH)
|
| Top of the 8th over - 0 runs, 0 hits, 0 errors, 1 left on base; Houston 5 - Philadelphia 12 |
| BOTTOM OF THE 8TH |
|
Philadelphia Phillies batting - Pitching for Houston Astros : LHP Richard Thompson
|
|
Pitching: RHP Freddy Guerrero
|
|
|
Batting: RHB Andre Dawson
|
0-0: Swinging Strike 0-1: Ground out 4-3 (Groundball, 4, EV 90.0 MPH)
|
|
Batting: RHB Jody Davis
|
0-0: Called Strike 0-1: Ball 1-1: Ground out 5-3 (Groundball, 5S, EV 83.8 MPH)
|
|
Batting: RHB Tony Villa
|
0-0: Called Strike 0-1: Swinging Strike 0-2: Ball 1-2: Strikes out swinging
|
| Bottom of the 8th over - 0 runs, 0 hits, 0 errors, 0 left on base; Houston 5 - Philadelphia 12 |
| TOP OF THE 9TH |
|
Houston Astros batting - Pitching for Philadelphia Phillies : RHP Tony Villa
|
|
Batting: RHB Ricky Adams
|
0-0: Ball 1-0: SINGLE (Line Drive, 6MD, EV 95.0 MPH)
|
|
Batting: LHB Jose Cruz
|
0-0: Swinging Strike 0-1: Ball 1-1: Ball 2-1: Swinging Strike 2-2: Ball 3-2: SINGLE (Line Drive, 56, EV 98.1 MPH) Ricky Adams to second
|
|
Batting: RHB John Castino
|
0-0: Ball 1-0: Foul Ball, location: 2F 1-1: Ball 2-1: Foul Ball, location: 2F 2-2: Ball 3-2: Fielders Choice at 2nd, 5-4 (Groundball, 56S, EV 87.5 MPH) Ricky Adams to third
|
|
Batting: LHB Steve Kemp
|
0-0: Called Strike 0-1: Ball 1-1: Foul Ball, location: 2F 1-2: Ball 2-2: SINGLE (Groundball, 6MS, EV 89.4 MPH) (infield hit) Ricky Adams scores John Castino to second
|
|
Batting: SHB Christopher Clark
|
0-0: Foul Ball, location: 2F 0-1: Swinging Strike 0-2: Foul Ball, location: 2F 0-2: DOUBLE (Groundball, 5L, EV 103.1 MPH) John Castino scores Steve Kemp to third
|
|
Batting: RHB Zail Smith
|
0-0: Foul Ball, location: 2F 0-1: Swinging Strike 0-2: Ground out 6-3 (Groundball, 6, EV 81.3 MPH) Steve Kemp scores Christopher Clark to third
|
|
Pitching: LHP Lawrence Burgess
|
|
|
Batting: SHB Tom Herr
|
0-0: Fly out, F8 (Flyball, 8LS, EV 95.6 MPH)
|
| Top of the 9th over - 3 runs, 4 hits, 0 errors, 1 left on base; Houston 8 - Philadelphia 12 |
|